 Dungeon Crawl Stone Soup version 0.24.0-2-g5b39cebb1c (webtiles) character file.

Game seed: 2221675544744680379, levelgen mode: deterministic

436 Mrkan the Skirmisher (level 7, -11/75 HPs)
             Began as an Ogre Berserker on Oct 29, 2019.
             Was a Believer of Trog.
             Mangled by an ogre
             ... wielding a cursed -2 giant spiked club
              (30 damage)
             ... on level 4 of the Dungeon.
             The game lasted 00:07:32 (4362 turns).

Mrkan the Skirmisher (Ogre Berserker)               Turns: 4362, Time: 00:07:33

Health: -11/75     AC:  3    Str: 23    XL:     7   Next: 1%
Magic:  7/7        EV:  9    Int:  8    God:    Trog [**....]
Gold:   126        SH:  0    Dex:  9    Spells: 6/6 levels left

rFire    . . .     SeeInvis .   a - +0 mace
rCold    . . .     Gourm    .   (no shield)
rNeg     . . .     Faith    .   b - +0 animal skin
rPois    .         Spirit   .   (helmet restricted)
rElec    .         Reflect  .   (no cloak)
rCorr    .         Harm     .   (gloves unavailable)
MR       .....                  (boots unavailable)
Stlth    +.........             (no amulet)
HPRegen  0.22/turn              (no ring)
MPRegen  0.10/turn              (no ring)

@: heavily drained
A: large, unfitting armour, tough skin 1
a: Berserk, Trog's Hand, Renounce Religion


You were on level 4 of the Dungeon.
You worshipped Trog.
Trog was pleased with you.
You were near starving.

You visited 1 branch of the dungeon, and saw 4 of its levels.

You collected 126 gold pieces.

Inventory:

Hand Weapons
 a - a +0 mace (weapon)
Missiles
 h - 6 curare-tipped darts
 o - 115 stones (quivered)
Armour
 b - a +0 animal skin (worn)
Jewellery
 f - an uncursed amulet of magic regeneration {unknown}
 j - a cursed ring of teleportation {unknown}
 n - a +3 ring of strength {unknown}
 q - a +3 ring of strength {unknown}
Scrolls
 d - a scroll of fear {unknown}
 e - 2 scrolls of random uselessness {unknown}
 g - 4 scrolls of identify {unknown}
 i - 5 scrolls of remove curse {unknown}
 k - 2 scrolls of enchant weapon {unknown}
 l - a scroll of amnesia {unknown}
 m - a scroll of blinking {unknown}
 p - 3 scrolls of teleportation {unknown}
Comestibles
 c - 4 rations


   Skills:
 + Level 6.0(4.4) Fighting
 * Level 5.3(3.7) Maces & Flails
 + Level 3.1(1.7) Throwing
 - Level 2.6(1.2) Dodging


You had 6 spell levels left.
You didn't know any spells.
Your spell library was empty.

Dungeon Overview and Level Annotations

Branches:
Dungeon (4/15)
 Temple: D:4-7

Altars:
Fedhas
Kikubaaqudgha
Sif Muna
Vehumet
Wu Jian


Innate Abilities, Weirdness & Mutations

You are too large for most types of armour.
You have tough skin. (AC +1)


Message History

The ogre is severely wounded.
The ogre closely misses you.
You barely miss the ogre.
The ogre is severely wounded.
The ogre closely misses you.
You hit the ogre but do no damage.
The ogre is severely wounded.
The ogre barely misses you.
You closely miss the ogre.
The ogre is severely wounded.
You hit the ogre but do no damage.
The ogre is severely wounded.
The ogre hits you but does no damage.
You hit the ogre.
The ogre is severely wounded.
The ogre hits you but does no damage.
You hit the ogre.
The ogre is almost dead.
The ogre hits you with a cursed -2 giant spiked club!!
You die...

########## ........
..##.. #.##.#
#.##.##### #
#........# #. ##
#.##.###.# #######.
#.##.##@# .....##..
#...##O# .###.#
#.###.###.# .# #.#
#..#.## #.# .# #.#
#.#.## #.. .#
#.###.#.# ### .#
#.....#.#
.###.....#.######..
..................#


You could see an ogre.

Vanquished Creatures
  A sky beast (D:3)
  3 wights (D:4)
  A howler monkey (D:4)
  Robin (D:2)
  5 adders
  An ooze (D:3)
  2 worms (D:2)
  3 dart slugs
  A leopard gecko (D:3)
  6 orcs (D:3)
  A ball python (D:1)
  10 bats
  6 giant cockroaches
  19 goblins
  7 hobgoblins
  3 jackals (D:1)
  2 quokkas
  6 frilled lizards
  11 kobolds
  6 rats
95 creatures vanquished.

Notes
Turn   | Place    | Note
-------+----------+-------------------------------------------
     0 | D:1      | Mrkan the Ogre Berserker began the quest for the Orb.
     0 | D:1      | Reached XP level 1. HP: 24/24 MP: 1/1
   156 | D:1      | Reached XP level 2. HP: 22/32 MP: 2/2
   435 | D:1      | Reached skill level 1 in Throwing
   569 | D:1      | Reached XP level 3. HP: 40/40 MP: 3/3
   662 | D:1      | Reached ** piety under Trog
  1014 | D:2      | Found a blossoming altar of Fedhas.
  1193 | D:2      | Reached XP level 4. HP: 29/49 MP: 4/4
  1324 | D:2      | Noticed Robin
  1369 | D:2      | Killed Robin
  2050 | D:3      | Reached XP level 5. HP: 19/55 MP: 5/5
  2396 | D:3      | Reached skill level 5 in Fighting
  2469 | D:3      | Noticed a sky beast
  2482 | D:3      | Killed a sky beast
  2652 | D:3      | Reached XP level 6. HP: 17/66 MP: 6/6
  3393 | D:3      | Found an ancient bone altar of Kikubaaqudgha.
  3399 | D:3      | Found a shimmering blue altar of Sif Muna.
  3400 | D:3      | Reached *** piety under Trog
  3402 | D:3      | Found a radiant altar of Vehumet.
  3406 | D:3      | Identified Vehumet's Volume of Confrontation
  3788 | D:4      | Reached skill level 5 in Maces & Flails
  3848 | D:4      | Reached skill level 6 in Fighting
  3848 | D:4      | Reached XP level 7. HP: 19/75 MP: 7/7
  4320 | D:4      | Found an ornate altar of the Wu Jian Council.
  4362 | D:4      | Mangled by an ogre

Levels and vault maps discovered:
D:1:      matt_arrival_refuge, layout_loops_corners
D:2:      layout_rooms, fedhas_altar_4, first_ration, kennysheep_generic_room_9,
          uniq_robin
D:3:      layout_basic, grunt_temple_overflow_magic_moments
D:4:      layout_loops_ring, kennysheep_little_box, serial_shops,
          nicolae_shop_statue_plus, uniq_eustachio

Skill      XL: |  1  2  3  4  5  6 |
---------------+-------------------+-----
Maces & Flails | 3 4 5 |  5.3
Throwing       | 1 2 3 |  3.1
Fighting       | 5 6 |  6.0
Dodging        | |  2.6

Action                   |  1- 3 |  4- 6 |  7- 9 || total
-------------------------+-------+-------+-------++-------
Melee: Mace              |   124 |   243 |    15 ||   382
Invok: Berserk           |       |     7 |       ||     7
       Trog's Hand       |       |     2 |       ||     2
  Use: Potion            |     2 |     2 |       ||     4
 Stab: Sleeping          |       |     1 |       ||     1
  Eat: Chunk             |     1 |     9 |       ||    10
       Ration            |       |     2 |       ||     2
Armor: Animal skin       |    49 |    41 |     1 ||    91
Dodge: Dodged            |    87 |   153 |     7 ||   247
